TOP OF THE 1ST |
Oklahoma State University Cowboys batting - Pitching for Clemson University Tigers : RHP Nate Roessler
|
Pitching: RHP Nate Roessler
|
|
Batting: RHB Ji-an See-to
|
0-0: Foul Ball, location: 2F 0-1: Ball 1-1: Swinging Strike 1-2: Foul Ball, location: 2F 1-2: Ball 2-2: Ball 3-2: Foul Ball, location: 2F 3-2: Foul Ball, location: 2F 3-2: Strikes out swinging
|
Batting: LHB Orlando Hurtado
|
0-0: Called Strike 0-1: Ball 1-1: Foul Ball, location: 2F 1-2: Ball 2-2: Ball 3-2: Foul Ball, location: 2F 3-2: Foul Ball, location: 2F 3-2: Ground out 1-3 (Groundball, 13, EV 65.0 MPH)
|
Batting: RHB Masakuni Takeuchi
|
0-0: Called Strike 0-1: Fly out, F7 (Line Drive, 7, EV 100.6 MPH)
|
Top of the 1st over - 0 runs, 0 hits, 0 errors, 0 left on base; Oklahoma State University 0 - Clemson University 0 |
BOTTOM OF THE 1ST |
Clemson University Tigers batting - Pitching for Oklahoma State University Cowboys : RHP Ryan Kominski
|
Pitching: RHP Ryan Kominski
|
|
Batting: RHB Jorge Alva
|
0-0: Ball 1-0: Called Strike 1-1: Foul Ball, location: 2F 1-2: Ball 2-2: Foul Ball, location: 2F 2-2: Foul Ball, location: 2F 2-2: Ground out 6-3 (Groundball, 6, EV 80.6 MPH)
|
Batting: SHB Jose Santiago
|
0-0: Swinging Strike 0-1: Foul Ball, location: 2F 0-2: Strikes out swinging
|
Batting: RHB Chris Prinzing
|
0-0: Foul Ball, location: 2F 0-1: Called Strike 0-2: Strikes out swinging
|
Bottom of the 1st over - 0 runs, 0 hits, 0 errors, 0 left on base; Oklahoma State University 0 - Clemson University 0 |
TOP OF THE 2ND |
Oklahoma State University Cowboys batting - Pitching for Clemson University Tigers : RHP Nate Roessler
|
Batting: LHB Rafael Banda
|
0-0: Fly out, F9 (Flyball, 9D, EV 100.6 MPH)
|
Batting: RHB Ivan Torres
|
0-0: Ball 1-0: Fly out, F8 (Line Drive, 8RD, EV 101.2 MPH)
|
Batting: SHB Mel Gonzalez
|
0-0: Ball 1-0: Fly out, F8 (Flyball, 8RD, EV 93.1 MPH)
|
Top of the 2nd over - 0 runs, 0 hits, 0 errors, 0 left on base; Oklahoma State University 0 - Clemson University 0 |
BOTTOM OF THE 2ND |
Clemson University Tigers batting - Pitching for Oklahoma State University Cowboys : RHP Ryan Kominski
|
Batting: RHB Mike Woodard
|
0-0: Called Strike 0-1: Ball 1-1: Foul Ball, location: 2F 1-2: Strikes out swinging
|
Batting: RHB Leo Casillas
|
0-0: Ball 1-0: Ground out U3 (Groundball, 13, EV 91.9 MPH)
|
Batting: RHB Dave Dominguez
|
0-0: Called Strike 0-1: Ball 1-1: Ball 2-1: Foul Ball, location: 2F 2-2: Ball 3-2: Strikes out swinging
|
Bottom of the 2nd over - 0 runs, 0 hits, 0 errors, 0 left on base; Oklahoma State University 0 - Clemson University 0 |
TOP OF THE 3RD |
Oklahoma State University Cowboys batting - Pitching for Clemson University Tigers : RHP Nate Roessler
|
Batting: RHB Hidemitsu Matsuno
|
0-0: Fly out, F8 (Flyball, 8RM, EV 86.9 MPH)
|
Batting: RHB Pedro Luera
|
0-0: Swinging Strike 0-1: Called Strike 0-2: Strikes out looking
|
Batting: LHB Vecdi Ertegun
|
0-0: Ground out U3 (Groundball, 23, EV 94.4 MPH)
|
Top of the 3rd over - 0 runs, 0 hits, 0 errors, 0 left on base; Oklahoma State University 0 - Clemson University 0 |
BOTTOM OF THE 3RD |
Clemson University Tigers batting - Pitching for Oklahoma State University Cowboys : RHP Ryan Kominski
|
Batting: RHB Neal Perucci
|
0-0: Called Strike 0-1: Ball 1-1: Swinging Strike 1-2: Ball 2-2: SINGLE (Line Drive, 9S, EV 96.9 MPH)
|
Batting: RHB Dermott Ayliffe
|
0-0: Foul Ball, location: 2F 0-1: Grounds into double play, 4-6-3 (Groundball, 13, EV 91.2 MPH)
|
Batting: RHB Liangde Zhou
|
0-0: Ball 1-0: SINGLE (Groundball, 34S, EV 70.0 MPH) (infield hit)
|
Batting: RHB Jorge Alva
|
0-0: Called Strike 0-1: Ball 1-1: Called Strike 1-2: Fly out, F8 (Flyball, 78D, EV 97.5 MPH)
|
Bottom of the 3rd over - 0 runs, 2 hits, 0 errors, 1 left on base; Oklahoma State University 0 - Clemson University 0 |
TOP OF THE 4TH |
Oklahoma State University Cowboys batting - Pitching for Clemson University Tigers : RHP Nate Roessler
|
Batting: RHB Ji-an See-to
|
0-0: Ball 1-0: Foul Ball, location: 2F 1-1: Foul Ball, location: 2F 1-2: Strikes out looking
|
Batting: LHB Orlando Hurtado
|
0-0: SINGLE (Groundball, 6M, EV 102.5 MPH) (infield hit)
|
Batting: RHB Masakuni Takeuchi
|
0-0: Swinging Strike 0-1: Ball 1-1: Ball 2-1: Fly out, F4 (Popup, 13, EV 79.4 MPH)
|
Batting: LHB Rafael Banda
|
0-0: Ball 1-0: Foul Ball, location: 2F 1-1: Ball 2-1: Ball 3-1: Called Strike 3-2: Base on Balls Orlando Hurtado to second
|
Batting: RHB Ivan Torres
|
0-0: Called Strike 0-1: Fielders Choice at 2nd, 6-4 (Groundball, 6, EV 83.1 MPH)
|
Top of the 4th over - 0 runs, 1 hit, 0 errors, 2 left on base; Oklahoma State University 0 - Clemson University 0 |
BOTTOM OF THE 4TH |
Clemson University Tigers batting - Pitching for Oklahoma State University Cowboys : RHP Ryan Kominski
|
Batting: SHB Jose Santiago
|
0-0: Called Strike 0-1: Ball 1-1: SOLO HOME RUN (Flyball, 89XD, EV 100.0 MPH), Distance : 419 ft
|
Batting: RHB Chris Prinzing
|
0-0: Called Strike 0-1: Called Strike 0-2: Fly out, F7 (Flyball, 7LM, EV 86.2 MPH)
|
Batting: RHB Mike Woodard
|
0-0: Ball 1-0: Called Strike 1-1: Swinging Strike 1-2: Foul Ball, location: 2F 1-2: Ball 2-2: Ball 3-2: Foul Ball, location: 2F 3-2: Strikes out swinging
|
Batting: RHB Leo Casillas
|
0-0: Ball 1-0: Swinging Strike 1-1: Ball 2-1: Foul Ball, location: 2F 2-2: Strikes out looking
|
Bottom of the 4th over - 1 run, 1 hit, 0 errors, 0 left on base; Oklahoma State University 0 - Clemson University 1 |
TOP OF THE 5TH |
Oklahoma State University Cowboys batting - Pitching for Clemson University Tigers : RHP Nate Roessler
|
Now at SS: Jackson Wither
|
|
Now in RF: Ryan Thurston
|
|
Batting: SHB Mel Gonzalez
|
0-0: Swinging Strike 0-1: SINGLE (Line Drive, 8RS, EV 102.5 MPH)
|
Batting: RHB Hidemitsu Matsuno
|
0-0: Called Strike 0-1: Swinging Strike 0-2: Strikes out looking
|
Batting: RHB Pedro Luera
|
0-0: Ball 1-0: Swinging Strike 1-1: Foul Ball, location: 2F 1-2: Reached on error, E4 (Groundball, 34, EV 85.6 MPH) Mel Gonzalez to second
|
Batting: LHB Vecdi Ertegun
|
0-0: Foul Ball, location: 2F 0-1: Called Strike 0-2: Foul Ball, location: 2F 0-2: SINGLE (Flyball, 6D, EV 86.9 MPH) Mel Gonzalez to third Pedro Luera to second
|
Batting: RHB Ji-an See-to
|
0-0: Called Strike 0-1: Ball 1-1: Fly out, F8 (Line Drive, 8RM, EV 101.2 MPH) Runner from 3rd tags up, SCORES, throw by CF
|
Pitching: LHP Jonathan Hughes
|
|
Pinch Hitting: RHB Justin Klein
|
0-0: Ball 1-0: Ball 2-0: Ground out U3 (Groundball, 3, EV 88.1 MPH)
|
Top of the 5th over - 1 run, 2 hits, 1 error, 2 left on base; Oklahoma State University 1 - Clemson University 1 |
BOTTOM OF THE 5TH |
Clemson University Tigers batting - Pitching for Oklahoma State University Cowboys : RHP Ryan Kominski
|
Now at C: Jose Peralez
|
|
Now at 1B: Ji-an See-to
|
|
Now at 2B: Dennis Bennett
|
|
Now at SS: Ivan Torres
|
|
Now in RF: Armando Moreno
|
|
Batting: RHB Dave Dominguez
|
0-0: Called Strike 0-1: Foul Ball, location: 2F 0-2: Ball 1-2: Ball 2-2: Strikes out swinging
|
Batting: RHB Neal Perucci
|
0-0: Ball 1-0: SINGLE (Line Drive, 6M, EV 106.9 MPH)
|
Batting: RHB Dermott Ayliffe
|
0-0: Called Strike 0-1: Called Strike 0-2: Ball 1-2: Strikes out swinging
|
Batting: RHB Liangde Zhou
|
0-0: Ball 1-0: Foul Ball, location: 2F 1-1: Swinging Strike 1-2: Ball 2-2: Foul Ball, location: 2F 2-2: Ball 3-2: Strikes out swinging
|
Bottom of the 5th over - 0 runs, 1 hit, 0 errors, 1 left on base; Oklahoma State University 1 - Clemson University 1 |
TOP OF THE 6TH |
Oklahoma State University Cowboys batting - Pitching for Clemson University Tigers : LHP Jonathan Hughes
|
Now at C: Bobby Basoco
|
|
Now at 2B: Josh LeSage
|
|
Now at 3B: Donovan Deason
|
|
Now in LF: Alonzo Catalan
|
|
Now in CF: Rick Acevedo
|
|
Pinch Hitting: RHB Ben Saxton
|
0-0: Foul Ball, location: 2F 0-1: Ball 1-1: Foul Ball, location: 2F 1-2: Foul Ball, location: 2F 1-2: Ball 2-2: Ball 3-2: Foul Ball, location: 2F 3-2: Foul Ball, location: 2F 3-2: Fly out, F4 (Popup, 34, EV 58.8 MPH)
|
Pinch Hitting: RHB Mennad Maalik
|
0-0: Ball 1-0: Foul Ball, location: 2F 1-1: Foul Ball, location: 2F 1-2: Strikes out looking
|
Pinch Hitting: RHB Isaac Washington
|
0-0: Called Strike 0-1: Foul Ball, location: 2F 0-2: Ball 1-2: Ball 2-2: Strikes out swinging
|
Top of the 6th over - 0 runs, 0 hits, 0 errors, 0 left on base; Oklahoma State University 1 - Clemson University 1 |
BOTTOM OF THE 6TH |
Clemson University Tigers batting - Pitching for Oklahoma State University Cowboys : RHP Ryan Kominski
|
Pitching: RHP Bin Li
|
|
Now at 2B: Tatsunori Ishigaki
|
|
Now at 3B: Chris Marcellus
|
|
Now at SS: Dennis Bennett
|
|
Now in LF: Armando Moreno
|
|
Now in RF: Gong Tow
|
|
Batting: LHB Jackson Wither
|
0-0: Ball 1-0: Ball 2-0: Ball 3-0: Called Strike 3-1: Called Strike 3-2: Foul Ball, location: 2F 3-2: Strikes out swinging
|
Batting: RHB Josh LeSage
|
0-0: Called Strike 0-1: Called Strike 0-2: Foul Ball, location: 2F 0-2: Strikes out swinging
|
Pinch Hitting: SHB Jason Keys
|
0-0: Swinging Strike 0-1: Ground out 3-1 (Groundball, 34S, EV 86.2 MPH)
|
Bottom of the 6th over - 0 runs, 0 hits, 0 errors, 0 left on base; Oklahoma State University 1 - Clemson University 1 |
TOP OF THE 7TH |
Oklahoma State University Cowboys batting - Pitching for Clemson University Tigers : LHP Jonathan Hughes
|
Now in RF: Jason Keys
|
|
Batting: RHB Dennis Bennett
|
0-0: Ball 1-0: Called Strike 1-1: Ball 2-1: Ball 3-1: Base on Balls
|
Batting: RHB Alex Montiel
|
0-0: Ball 1-0: Fly out, F9 (Flyball, 9S, EV 93.1 MPH)
|
Batting: RHB Armando Moreno
|
0-0: Foul Ball, location: 2F 0-1: Ball 1-1: Called Strike 1-2: Ball 2-2: Grounds into double play, 4-6-3 (Groundball, 34, EV 89.4 MPH)
|
Top of the 7th over - 0 runs, 0 hits, 0 errors, 0 left on base; Oklahoma State University 1 - Clemson University 1 |
BOTTOM OF THE 7TH |
Clemson University Tigers batting - Pitching for Oklahoma State University Cowboys : RHP Bin Li
|
Pitching: RHP Raymond Goodwin
|
|
Batting: RHB Jason Duncan
|
0-0: Ground out 5-3 (Groundball, 56S, EV 83.8 MPH)
|
Pinch Hitting: RHB Omar Garce
|
0-0: Foul Ball, location: 2F 0-1: Ground out 5-3 (Groundball, 56, EV 83.8 MPH)
|
Batting: LHB Alonzo Catalan
|
0-0: Ball 1-0: Ground out 5-3 (Groundball, 56S, EV 77.5 MPH)
|
Bottom of the 7th over - 0 runs, 0 hits, 0 errors, 0 left on base; Oklahoma State University 1 - Clemson University 1 |
TOP OF THE 8TH |
Oklahoma State University Cowboys batting - Pitching for Clemson University Tigers : LHP Jonathan Hughes
|
Pitching: LHP Brian Cullom
|
|
Now in LF: Justin Veirs
|
|
Now in CF: Alonzo Catalan
|
|
Batting: LHB Vecdi Ertegun
|
0-0: Ball 1-0: Ball 2-0: Called Strike 2-1: Foul Ball, location: 2F 2-2: Ball 3-2: Strikes out swinging
|
Batting: RHB Ji-an See-to
|
0-0: Called Strike 0-1: Ball 1-1: Foul Ball, location: 2F 1-2: Foul Ball, location: 2F 1-2: Strikes out looking
|
Batting: LHB Jose Peralez
|
0-0: Ball 1-0: Ball 2-0: Ground out 4-3 (Groundball, 4, EV 85.6 MPH)
|
Top of the 8th over - 0 runs, 0 hits, 0 errors, 0 left on base; Oklahoma State University 1 - Clemson University 1 |
BOTTOM OF THE 8TH |
Clemson University Tigers batting - Pitching for Oklahoma State University Cowboys : RHP Raymond Goodwin
|
Pinch Hitting: LHB Jayden Pelayo
|
0-0: Ball 1-0: Ball 2-0: Called Strike 2-1: Swinging Strike 2-2: Foul Ball, location: 2F 2-2: Strikes out swinging
|
Pinch Hitting: RHB Travis Padgett
|
0-0: Ball 1-0: Swinging Strike 1-1: Called Strike 1-2: Ball 2-2: Strikes out swinging
|
Pinch Hitting: RHB Toshinori Tajima
|
0-0: Ball 1-0: Called Strike 1-1: Called Strike 1-2: Foul Ball, location: 2F 1-2: Foul Ball, location: 2F 1-2: Strikes out swinging
|
Bottom of the 8th over - 0 runs, 0 hits, 0 errors, 0 left on base; Oklahoma State University 1 - Clemson University 1 |
TOP OF THE 9TH |
Oklahoma State University Cowboys batting - Pitching for Clemson University Tigers : LHP Brian Cullom
|
Pitching: RHP Glen Turner
|
|
Now at C: Joe Keough
|
|
Now at 1B: Travis Padgett
|
|
Now at 3B: Toshinori Tajima
|
|
Batting: RHB Tatsunori Ishigaki
|
0-0: Foul Ball, location: 2F 0-1: Ball 1-1: Swinging Strike 1-2: Strikes out looking
|
Batting: LHB Gong Tow
|
0-0: Ball 1-0: Fly out, F7 (Flyball, 7, EV 88.1 MPH)
|
Batting: RHB Chris Marcellus
|
0-0: Ball 1-0: Ball 2-0: Ball 3-0: Base on Balls
|
Batting: RHB Dennis Bennett
|
0-0: SINGLE (Groundball, 4M, EV 79.4 MPH) (infield hit) Chris Marcellus to second
|
Batting: RHB Fernando Tovar
|
0-0: Ball 1-0: DOUBLE (Groundball, 5L, EV 104.4 MPH) Chris Marcellus scores Dennis Bennett to third
|
Batting: RHB Armando Moreno
|
0-0: Called Strike 0-1: Ball 1-1: SINGLE (Line Drive, 8RS, EV 100.0 MPH) Dennis Bennett scores Fernando Tovar to third
|
Batting: LHB Vecdi Ertegun
|
0-0: Ball 1-0: Called Strike 1-1: Swinging Strike 1-2: Foul Ball, location: 2F 1-2: Ball 2-2: Foul Ball, location: 2F 2-2: Fielders Choice at 2nd, 5-4 (Groundball, 5, EV 100.6 MPH)
|
Top of the 9th over - 2 runs, 3 hits, 0 errors, 2 left on base; Oklahoma State University 3 - Clemson University 1 |
BOTTOM OF THE 9TH |
Clemson University Tigers batting - Pitching for Oklahoma State University Cowboys : RHP Raymond Goodwin
|
Pitching: RHP Jim Eisinger
|
|
Pinch Hitting: RHB Dennis Tempel
|
0-0: Ball 1-0: Swinging Strike 1-1: Ball 2-1: Swinging Strike 2-2: Ball 3-2: Foul Ball, location: 2F 3-2: Strikes out swinging
|
Batting: RHB Josh LeSage
|
0-0: Ball 1-0: Ball 2-0: Called Strike 2-1: Ball 3-1: Foul Ball, location: 2F 3-2: Base on Balls
|
Batting: SHB Jason Keys
|
0-0: Called Strike 0-1: Swinging Strike 0-2: Ball 1-2: Strikes out swinging
|
Batting: RHB Jason Duncan
|
0-0: Fielders Choice at 2nd, 6-4 (Groundball, 6, EV 83.1 MPH)
|
Bottom of the 9th over - 0 runs, 0 hits, 0 errors, 1 left on base; Oklahoma State University 3 - Clemson University 1 |
|